 Dungeon Crawl Stone Soup version 0.30-a0-347-gf58ed5266c (webtiles) character file.

Game seed: 8574083543692367115

378 mcwallace the Sneak (level 6, -1/32 HPs)
             Began as a Vine Stalker Brigand on Nov 6, 2022.
             Slain by a gnoll
             ... wielding a +0 flail
              (3 damage)
             ... on level 3 of the Dungeon.
             The game lasted 00:06:59 (2432 turns).

mcwallace the Sneak (Vine Stalker Brigand)          Turns: 2432, Time: 00:06:59

Health: -1/32      AC:  5    Str: 13    XL:     6   Next: 74%
Magic:  0/11       EV: 12    Int: 13    God:
Gold:   149        SH:  0    Dex: 16    Spells: 10/10 levels left

rFire   . . .      SeeInvis +    a - +2 dagger {short}
rCold   . . .      Faith    .    (no shield)
rNeg    . . .      Spirit   +    n - +0 leather armour
rPois   .          Reflect  .    (no helmet)
rElec   .          Harm     .    c - +0 cloak
rCorr   .          Rampage  .    k - +0 pair of gloves
Will    .....                    (no boots)
Stlth   +++.......               (no amulet)
HPRegen 1.05/turn                u - ring of see invisible
MPRegen 0.12/turn                (no ring)

@: no status effects
A: fangs 2, regeneration 1, magic shield, antimagic bite, no potion heal 2
a: no special abilities


You were on level 3 of the Dungeon.
You visited 1 branch of the dungeon, and saw 4 of its levels.

You collected 149 gold pieces.


Innate Abilities, Weirdness & Mutations

You have extremely sharp teeth.
Your natural rate of healing is unusually fast.
When hurt, damage is shared between your health and your magic reserves.
Your bite disrupts and absorbs the magic of your enemies.
Potions cannot restore your health.


   Skills:
 + Level 3.2 Fighting
 + Level 3.2 Short Blades
 - Level 1.7 Throwing
 + Level 2.0 Armour
 + Level 2.4 Dodging
 - Level 4.8 Stealth
 + Level 2.6 Spellcasting


You had 10 spell levels left.
You didn't know any spells.
Your spell library was empty.

Inventory:

Hand Weapons
 a - a +2 dagger (weapon) {short}
 m - a +1 sling of flaming
   (You found it on level 1 of the Dungeon)
Missiles
 d - 17 poisoned darts (quivered) {throwing}
 e - a curare-tipped dart {=fthrowing}
 g - 25 stones {throwing}
 D - 3 atropa-tipped darts {throwing}
Armour
 b - a +0 robe
 c - a +0 cloak (worn)
 k - a +0 pair of gloves (worn)
   (You found it on level 1 of the Dungeon)
 n - a +0 leather armour (worn)
   (You found it on level 1 of the Dungeon)
 o - a +0 leather armour
   (You found it on level 1 of the Dungeon)
 q - a +0 ring mail
   (You found it on level 2 of the Dungeon)
 r - a +0 scale mail
   (You found it on level 3 of the Dungeon)
 s - a +0 chain mail
   (You took it off Terence on level 2 of the Dungeon)
 A - a +0 ring mail
   (You found it on level 3 of the Dungeon)
Jewellery
 f - a ring of ice
   (You found it on level 1 of the Dungeon)
 u - a ring of see invisible (left hand)
   (You found it on level 2 of the Dungeon)
Wands
 y - a wand of polymorph (8)
   (You found it on level 3 of the Dungeon)
Scrolls
 h - a scroll of fog {unknown}
 i - a scroll of enchant armour {unknown}
 l - a scroll of blinking {unknown}
 p - a scroll of noise {unknown}
 v - a scroll of amnesia {unknown}
 x - a scroll of fear {unknown}
 B - a scroll of brand weapon {unknown}
 C - a scroll of teleportation {unknown}
Potions
 j - 5 potions of curing {unknown}
 t - a potion of cancellation {unknown}
 w - a potion of attraction {unknown}
 z - a potion of heal wounds {unknown}

Dungeon Overview and Level Annotations

Branches:
Dungeon (4/15) Zot: 21589
 Temple: D:4-7

Altars:
Gozag

############
#######..........# #
#.....#..........# #
#.....#..........# #
#####................# #
##......####..........#
#####..###..#
#..........#
##.....)...##
#@...#######
....#####.## #g####
....# #.######)# ..###
##.#.....)#####
#..#####.............#
.....................#
#.#.##.#.............#
#.#....#..#..........##
.......รท..######......#


You could see a gnoll.


Message History

There is a stone staircase leading up here.
The gnoll misses you.
A hobgoblin comes into view.
There is a stone staircase leading up here.
The gnoll closely misses you. The gnoll barely misses you.
The gnoll misses you.
There is a stone staircase leading up here.
The gnoll barely misses you. The gnoll hits you with a +0 whip.
The gnoll closely misses you.
You climb upwards.
There is a stone staircase leading down here.
The gnoll misses you. The gnoll attacks as you move away!
The gnoll barely misses you. The gnoll misses you.
The gnoll hits you from afar with a +0 halberd! ๐Ÿ˜ฎ HP[-9] MP[-2]
You take 9 damage, and now have 23/32 hp.
MASSIVE DAMAGE!! (PAUSE)
You lost 2 mp, and now have 8/10 mp. ๐Ÿ˜ฎ HP[+1] ๐Ÿ˜• HP[+1] ๐Ÿ˜• HP[+1] ๐Ÿ˜• HP[+1] MP[+1]
The gnoll attacks as you move away!
The gnoll barely misses you. ๐Ÿ˜• HP[+1]
The gnoll attacks as you move away!
The gnoll hits you with a +0 whip. ๐Ÿ˜• HP[+1] ๐Ÿ˜• HP[+1] ๐Ÿ˜• HP[+1] ๐Ÿ˜Ž HP[+1]
Your hp is fully restored (32).
The gnoll attacks as you move away! The gnoll hits you with a +0 whip.
Items here: [[[[. ๐Ÿ˜• HP[-1] MP[+1]
You take 1 damage, and now have 31/32 hp.
Your mp is fully restored (10).
Things that are here:
a +0 short sword {short}; a kobold skeleton ๐Ÿ˜Ž HP[+1]
Your hp is fully restored (32).
Things that are here:
a +0 short sword {short}; a kobold skeleton Throw: 4 darts (atropa) {throwing}
Press: ? - help, Shift-Dir - straight line, f - gnoll
Aim: a gnoll, wielding a +0 flail (64% to hit, chance to blind on hit: 100%)
You throw an atropa-tipped dart {throwing}.
The atropa-tipped dart {throwing} hits the gnoll.
The gnoll appears confused.
The gnoll seems less confused.
You hit the gnoll. You bite the gnoll, but do no damage.
The gnoll barely misses you. The gnoll closely misses you.
You catch the helpless gnoll completely off-guard!
You puncture the gnoll!
You kill the gnoll!
The gnoll completely misses you.
You hit the gnoll. The gnoll closely misses you.
The gnoll hits you with a +0 flail. ๐Ÿ˜• HP[-3] MP[-1]
You take 3 damage, and now have 29/32 hp.
You lost 1 mp, and now have 9/10 mp.
You hit the gnoll.
The gnoll hits you from afar with a +0 halberd!
The gnoll hits you with a +0 flail! ๐Ÿ˜ฎ HP[-11] MP[-4]
You take 11 damage, and now have 18/32 hp.
MASSIVE DAMAGE!! (PAUSE)
You lost 4 mp, and now have 5/10 mp.
You hit the gnoll.
The gnoll hits you from afar with a +0 halberd.
* * * LOW HITPOINT WARNING * * *
The gnoll hits you with a +0 flail.
* * * LOW HITPOINT WARNING * * *
๐Ÿ˜จ HP[-7] MP[-2]
You take 7 damage, and now have 11/32 hp.
MASSIVE DAMAGE!! (PAUSE)
You lost 2 mp, and now have 3/10 mp.
Throw: 2 darts (curare) {=fthrowing}
Press: ? - help, Shift-Dir - straight line, f - gnoll, p - gnoll
Aim: a gnoll, wielding a +0 halberd (64% to hit)
You throw a curare-tipped dart {=fthrowing}.
The curare-tipped dart {=fthrowing} closely misses the gnoll.
The curare-tipped dart {=fthrowing} hits the gnoll.
The gnoll is poisoned.
The gnoll convulses.
The gnoll seems to slow down.
The gnoll attacks as you move away! The gnoll hits you with a +0 flail.
* * * LOW HITPOINT WARNING * * *
You kill the gnoll! ๐Ÿ˜จ HP[-2]
You take 2 damage, and now have 9/32 hp.
You closely miss the gnoll. The gnoll hits you with a +0 flail!
* * * LOW HITPOINT WARNING * * *
๐Ÿ˜ฑ HP[-6] MP[-3]
You take 6 damage, and now have 3/32 hp.
You lost 3 mp, and now have 0/11 mp.
You barely miss the gnoll. The gnoll hits you with a +0 flail.
* * * LOW HITPOINT WARNING * * *
๐Ÿ˜ฑ HP[-1]
You take 1 damage, and now have 2/32 hp.
The gnoll attacks as you move away! The gnoll hits you with a +0 flail.
You die...

Skill      XL: |  1  2  3  4  5  6 |
---------------+-------------------+-----
Dodging        | 1 2 |  2.4
Short Blades   | 2 3 |  3.2
Fighting       | 2 3 |  3.2
Spellcasting   | 1 2 |  2.6
Armour         | 1 2 |  2.0
Throwing       | |  1.7
Stealth        | |  4.8

Action                   |  1- 3 |  4- 6 || total
-------------------------+-------+-------++-------
Melee: Dagger            |    69 |    93 ||   162
       Bite              |    16 |    20 ||    36
       Punch             |       |     1 ||     1
 Fire: Sling             |       |    11 ||    11
Throw: Dart              |     6 |     5 ||    11
 Stab: Sleeping          |     5 |     5 ||    10
       Invisible         |       |     1 ||     1
Armor: Robe              |     6 |       ||     6
       Leather armour    |     6 |    33 ||    39
Dodge: Dodged            |    36 |    60 ||    96

Levels and vault maps discovered:
D:1:      dpeg_arrival_signposts, layout_loops_ring, roderic_lattice_a
D:2:      layout_basic, uniq_terence, uniq_jessica, uniq_sigmund
D:3:      layout_rooms, grunt_gozag_statues
D:4:      layout_cave_pools, lemuel_round_altar, elyvilon_altar_5,
          mainiacjoe_overflow_brackets, nicolae_overflow_hidden_temple,
          minmay_joined_circles

Notes
Turn   | Place    | Note
-------+----------+-------------------------------------------
     0 | D:1      | mcwallace the Vine Stalker Brigand began the quest for the
                  | Orb.
     0 | D:1      | Reached XP level 1. HP: 11/11 MP: 2/2
     0 | D:1      | magus.rc [v1.9.6]
   108 | D:1      | Reached skill level 1 in Dodging
   148 | D:1      | Reached XP level 2. HP: 14/15 MP: 3/3
   170 | D:1      | Reached skill level 2 in Short Blades
   174 | D:1      | Reached skill level 2 in Fighting
   908 | D:1      | Reached skill level 1 in Spellcasting
   998 | D:2      | Reached XP level 3. HP: 16/18 MP: 5/5
  1194 | D:2      | Noticed Jessica
  1211 | D:2      | Killed Jessica
  1212 | D:2      | Gained mutation: Your natural rate of healing is unusually
                  | fast. [Vine Stalker growth]
  1212 | D:2      | Reached XP level 4. HP: 23/23 MP: 5/7
  1247 | D:2      | Noticed Terence
  1260 | D:2      | Killed Terence
  1261 | D:2      | Reached skill level 1 in Armour
  1407 | D:2      | Reached XP level 5. HP: 27/27 MP: 8/8
  1466 | D:2      | Noticed Sigmund
  1481 | D:2      | Killed Sigmund
  1482 | D:2      | Reached skill level 3 in Fighting
  1482 | D:2      | Reached skill level 3 in Short Blades
  1482 | D:2      | Reached skill level 2 in Dodging
  1482 | D:2      | Reached skill level 2 in Spellcasting
  1482 | D:2      | Reached XP level 6. HP: 31/32 MP: 6/10
  1995 | D:3      | Found an opulent altar of Gozag.
  2129 | D:3      | Reached skill level 2 in Armour
  2429 | D:3      | HP: 8/32 [gnoll/+0 flail (3)]
  2430 | D:3      | HP: 3/32 [gnoll/+0 flail (7)]
  2432 | D:3      | Slain by a gnoll

Vanquished Creatures
  Sigmund (D:2)
  A hound (D:3)
  Terence (D:2)
  Jessica (D:2)
  2 gnolls (D:3)
  5 adders
  2 worms
  2 dart slugs (D:2)
  3 ball pythons
  8 bats
  7 endoplasms
  4 giant cockroaches
  8 hobgoblins
  4 jackals (D:3)
  2 quokkas (D:2)
  3 frilled lizards
  4 goblins
  4 kobolds
  3 rats
65 creatures vanquished.

Table legend:
 A = Non-vault XP
 B = Vault XP
 C = Vault XP percentage of total XP
 D = Non-vault monster count
 E = Vault monster count
 F = Vault count percentage of total count
                 A         B        C        D         E       F
            +---------+---------+-------+---------+---------+-------
      Total |     243 |     298 |  55.1 |      62 |       3 |   4.6
            +---------+---------+-------+---------+---------+-------
        D:1 |      29 |       0 |   0.0 |      17 |       0 |   0.0
        D:2 |      90 |     298 |  76.8 |      21 |       3 |  12.5
        D:3 |     124 |       0 |   0.0 |      24 |       0 |   0.0
            +---------+---------+-------+---------+---------+-------

Illustrated notes

Table legend:
 A = Kills in this place as a percentage of kills in entire the game.
 B = Kills by you in this place as a percentage of kills by you in the entire game.
 C = Kills by friends in this place as a percentage of kills by friends in the entire game.
 D = Other kills in this place as a percentage of other kills in the entire game.
 E = Experience gained in this place as a percentage of experience gained in the entire game.
 F = Experience gained in this place divided by the number of levels of this place that you have seen.
                   A       B       C       D       E      F
               +-------+-------+-------+-------+-------+----------------------
         Total | 100.0 | 100.0 |   N/A |   N/A | 100.0 | 135.2
       Dungeon | 100.0 | 100.0 |   N/A |   N/A | 100.0 | 135.2
               +-------+-------+-------+-------+-------+----------------------

Table legend: (Time is in decaauts)
 A = Elapsed time spent in this place.
 B = Non-inter-level travel time spent in this place.
 C = Inter-level travel time spent in this place.
 D = Time resting spent in this place.
 E = Time spent auto-exploring this place.
 F = Levels seen in this place.
 G = Mean time per level.
                   A        B        C        D        E       F      G
               +--------+--------+--------+--------+--------+-----+--------+
         Total |   2410 |   2343 |     67 |      0 |   1845 |   4 |  602.5 |
       Dungeon |   2410 |   2343 |     67 |      0 |   1845 |   4 |  602.5 |
               +--------+--------+--------+--------+--------+-----+--------+

Top non-repeatable levels by time:
     D:1: 944 daAuts
     D:2: 828 daAuts
     D:3: 630 daAuts
     D:4: 6 daAuts
